[gd_scene load_steps=6 format=3 uid="uid://bvxamugusustj"]

[ext_resource type="Script" path="res://game/characters/npcs/new_guards/guard_activities/NewGuardStandTask.gd" id="1_35nma"]
[ext_resource type="Script" path="res://addons/godot_state_charts/state_chart.gd" id="2_prp35"]
[ext_resource type="Script" path="res://addons/godot_state_charts/compound_state.gd" id="3_vou4k"]
[ext_resource type="Script" path="res://addons/godot_state_charts/atomic_state.gd" id="4_hyjyq"]
[ext_resource type="Script" path="res://addons/godot_state_charts/transition.gd" id="5_5u41t"]

[node name="NewGuardStandTask" type="Node" node_paths=PackedStringArray("state_chart")]
script = ExtResource("1_35nma")
stand_time = 4.0
state_chart = NodePath("StateChart")

[node name="StateChart" type="Node" parent="."]
script = ExtResource("2_prp35")

[node name="CompoundState" type="Node" parent="StateChart"]
script = ExtResource("3_vou4k")
initial_state = NodePath("Idle")

[node name="Idle" type="Node" parent="StateChart/CompoundState"]
script = ExtResource("4_hyjyq")

[node name="start" type="Node" parent="StateChart/CompoundState/Idle"]
script = ExtResource("5_5u41t")
to = NodePath("../../LookRight")
event = &"start"

[node name="LookRight" type="Node" parent="StateChart/CompoundState"]
script = ExtResource("4_hyjyq")

[node name="end" type="Node" parent="StateChart/CompoundState/LookRight"]
script = ExtResource("5_5u41t")
to = NodePath("../../Idle")
event = &"end"

[node name="next" type="Node" parent="StateChart/CompoundState/LookRight"]
script = ExtResource("5_5u41t")
to = NodePath("../../wait")
event = &"next"

[node name="wait" type="Node" parent="StateChart/CompoundState"]
script = ExtResource("4_hyjyq")

[node name="next" type="Node" parent="StateChart/CompoundState/wait"]
script = ExtResource("5_5u41t")
to = NodePath("../../LookDown")
event = &"next"

[node name="LookDown" type="Node" parent="StateChart/CompoundState"]
script = ExtResource("4_hyjyq")

[node name="end2" type="Node" parent="StateChart/CompoundState/LookDown"]
script = ExtResource("5_5u41t")
to = NodePath("../../Idle")
event = &"end"

[node name="next2" type="Node" parent="StateChart/CompoundState/LookDown"]
script = ExtResource("5_5u41t")
to = NodePath("../../wait2")
event = &"next"

[node name="wait2" type="Node" parent="StateChart/CompoundState"]
script = ExtResource("4_hyjyq")

[node name="next" type="Node" parent="StateChart/CompoundState/wait2"]
script = ExtResource("5_5u41t")
to = NodePath("../../LookLeft")
event = &"next"

[node name="LookLeft" type="Node" parent="StateChart/CompoundState"]
script = ExtResource("4_hyjyq")

[node name="end3" type="Node" parent="StateChart/CompoundState/LookLeft"]
script = ExtResource("5_5u41t")
to = NodePath("../../Idle")
event = &"end"

[node name="next3" type="Node" parent="StateChart/CompoundState/LookLeft"]
script = ExtResource("5_5u41t")
to = NodePath("../../wait3")
event = &"next"

[node name="wait3" type="Node" parent="StateChart/CompoundState"]
script = ExtResource("4_hyjyq")

[node name="next" type="Node" parent="StateChart/CompoundState/wait3"]
script = ExtResource("5_5u41t")
to = NodePath("../../LookUp")
event = &"next"

[node name="LookUp" type="Node" parent="StateChart/CompoundState"]
script = ExtResource("4_hyjyq")

[node name="end4" type="Node" parent="StateChart/CompoundState/LookUp"]
script = ExtResource("5_5u41t")
to = NodePath("../../Idle")
event = &"end"

[node name="next4" type="Node" parent="StateChart/CompoundState/LookUp"]
script = ExtResource("5_5u41t")
to = NodePath("../../wait4")
event = &"next"

[node name="wait4" type="Node" parent="StateChart/CompoundState"]
script = ExtResource("4_hyjyq")

[node name="next" type="Node" parent="StateChart/CompoundState/wait4"]
script = ExtResource("5_5u41t")
to = NodePath("../../bruh")
event = &"next"

[node name="bruh" type="Node" parent="StateChart/CompoundState"]
script = ExtResource("4_hyjyq")

[node name="end" type="Node" parent="StateChart/CompoundState/bruh"]
script = ExtResource("5_5u41t")
to = NodePath("../../Idle")
event = &"end"

[node name="WaitTimer" type="Timer" parent="."]

[connection signal="state_entered" from="StateChart/CompoundState/LookRight" to="." method="_on_look_right_state_entered"]
[connection signal="state_physics_processing" from="StateChart/CompoundState/LookRight" to="." method="_on_look_right_state_physics_processing"]
[connection signal="state_entered" from="StateChart/CompoundState/wait" to="." method="_on_wait_state_entered"]
[connection signal="state_entered" from="StateChart/CompoundState/LookDown" to="." method="_on_look_down_state_entered"]
[connection signal="state_physics_processing" from="StateChart/CompoundState/LookDown" to="." method="_on_look_down_state_physics_processing"]
[connection signal="state_entered" from="StateChart/CompoundState/wait2" to="." method="_on_wait_2_state_entered"]
[connection signal="state_entered" from="StateChart/CompoundState/LookLeft" to="." method="_on_look_left_state_entered"]
[connection signal="state_physics_processing" from="StateChart/CompoundState/LookLeft" to="." method="_on_look_left_state_physics_processing"]
[connection signal="state_entered" from="StateChart/CompoundState/wait3" to="." method="_on_wait_3_state_entered"]
[connection signal="state_entered" from="StateChart/CompoundState/LookUp" to="." method="_on_look_up_state_entered"]
[connection signal="state_physics_processing" from="StateChart/CompoundState/LookUp" to="." method="_on_look_up_state_physics_processing"]
[connection signal="state_entered" from="StateChart/CompoundState/wait4" to="." method="_on_wait_4_state_entered"]
[connection signal="state_entered" from="StateChart/CompoundState/bruh" to="." method="_on_bruh_state_entered"]
[connection signal="timeout" from="WaitTimer" to="." method="_on_wait_timer_timeout"]
